 Dungeon Crawl Stone Soup version 0.26-a0-104-gef3e9dd61f (webtiles) character file.

Game seed: 13699196784319874886

193 Gargoyl the Skirmisher (level 5, 0/46 HPs)
             Began as a Centaur Abyssal Knight on June 22, 2020.
             Was a Believer of Lugonu.
             Slain by an ogre
             ... wielding a +0 giant spiked club
              (18 damage)
             ... on level 4 of the Dungeon.
             The game lasted 00:04:09 (3968 turns).

Gargoyl the Skirmisher (Centaur Abyssal Knight)     Turns: 3968, Time: 00:04:10

Health: 0/46       AC:  7    Str: 14    XL:     5   Next: 44%
Magic:  7/7        EV:  4    Int: 11    God:    Lugonu [**....]
Gold:   70         SH:  0    Dex: 10    Spells: 4/4 levels left

rFire    . . .     SeeInvis .   a - +3 hand axe
rCold    . . .     Gourm    .   (no shield)
rNeg     . . .     Faith    .   d - +0 chain mail
rPois    .         Spirit   .   (no helmet)
rElec    .         Reflect  .   (no cloak)
rCorr    .         Harm     .   (no gloves)
MR       .....                  (no barding)
Stlth    ..........             (no amulet)
HPRegen  0.15/turn              h - ring of attention
MPRegen  0.10/turn              (no ring)

@: very quick
A: large, hooves 3, deformed body, speed 2, tough skin 3
a: Depart the Abyss, Bend Space, Renounce Religion


You were on level 4 of the Dungeon.
You worshipped Lugonu.
Lugonu was pleased with you.
You were very hungry.

You visited 1 branch of the dungeon, and saw 4 of its levels.
You visited the Abyss 1 time.

You collected 70 gold pieces.

Inventory:

Hand Weapons
 a - a +3 hand axe (weapon)
Missiles
 e - 14 boomerangs (quivered)
Armour
 d - a +0 chain mail (worn)
Jewellery
 h - a ring of attention (left hand)
Wands
 m - a wand of random effects (14)
Scrolls
 b - 2 scrolls of identify
 g - 3 scrolls of remove curse
 j - a scroll of magic mapping {unknown}
Potions
 i - a potion of resistance {unknown}
 k - a potion of might {unknown}
Comestibles
 c - 5 rations


   Skills:
 + Level 3.8 Fighting
 + Level 2.8 Axes
 * Level 2.6 Armour
 * Level 1.3 Dodging
 * Level 2.9 Invocations


You had 4 spell levels left.
You didn't know any spells.
Your spell library contained the following spells:

 Spells                   Type           Power        Failure   Level  Hunger
 Animate Skeleton         Necr           N/A          100%        1    ##.....
 Apportation              Tloc           #.....       100%        1    ##.....
 Corona                   Hex            #......      100%        1    ##.....
 Summon Small Mammal      Summ           #...         100%        1    ##.....


Dungeon Overview and Level Annotations

Branches:
Dungeon (4/15)
 Temple: D:4-7

Altars:
Gozag
Nemelex Xobeh


Innate Abilities, Weirdness & Mutations

You have hooves in place of feet.
Armour fits poorly on your strangely shaped body.
You cover ground very quickly.
You have extremely tough skin. (AC +3)


Message History

The quokka bites you but does no damage.
Unknown command.
You slash the ball python!
You kill the ball python!
Lugonu accepts your kill.
You miss the quokka. The quokka bites you.
Unknown command.
You completely miss the ogre. You hit the quokka. The quokka bites you.
The ogre hits you with a +0 giant spiked club.
Unknown command.
You slash the ogre!
The ogre is moderately wounded.
You hit the quokka.
You kill the quokka!
Lugonu accepts your kill.
The ogre hits you with a +0 giant spiked club!
You hit the ogre. You kick the ogre.
The ogre is severely wounded.
The ogre hits you with a +0 giant spiked club!!
You die...

...........
......... .
.......##..
#.........
#.......#
#....>..#.[
#..........
#..@....>..
.......O†......
....#..........
).. ##.........
. .?........
#..........
...........
...###...##.


You could see an ogre.

Vanquished Creatures
  5 gnolls
  6 adders
  2 oozes
  2 worms (D:2)
  A dart slug (D:1)
  5 leopard geckos
  A giant cockroach (D:1)
  9 goblins
  8 hobgoblins
  6 jackals
  11 kobolds
  2 quokkas
  2 ball pythons
  8 bats
  2 frilled lizards
  A rat (D:1)
71 creatures vanquished.

Vanquished Creatures (others)
  7 toadstools (D:1)
7 creatures vanquished.

Grand Total: 78 creatures vanquished

Notes
Turn   | Place    | Note
-------+----------+-------------------------------------------
     0 | Abyss:1  | Gargoyl the Centaur Abyssal Knight began the quest for the
                  | Orb.
     0 | Abyss:1  | Reached XP level 1. HP: 19/19 MP: 2/2
    75 | Abyss:1  | Noticed an iron imp
    85 | D:1      | Escaped the Abyss
   384 | D:1      | Reached * piety under Lugonu
   488 | D:1      | Reached XP level 2. HP: 26/26 MP: 3/3
   559 | D:1      | Reached skill level 1 in Dodging
   773 | D:1      | Reached XP level 3. HP: 26/31 MP: 4/4
  1582 | D:2      | Reached XP level 4. HP: 17/38 MP: 5/5
  1817 | D:2      | Reached ** piety under Lugonu
  3137 | D:3      | Reached XP level 5. HP: 28/46 MP: 7/7
  3699 | D:3      | Found a sparkling altar of Nemelex Xobeh.
  3700 | D:3      | Found an opulent altar of Gozag.
  3958 | D:4      | Noticed an ogre
  3968 | D:4      | Slain by an ogre

Illustrated notes

Levels and vault maps discovered:
D:1:      nagdon_arrival_double_spiral, layout_rooms
D:2:      layout_basic, minmay_vboxes
D:3:      layout_rooms, grunt_temple_overflow_opulence, corexii_hall_statues_i
D:4:      layout_cave_pools, marbit_many_paths, cheibriados_altar_1, uniq_robin

Skill      XL: |  1  2  3 |
---------------+----------+-----
Axes           | 2 |  2.8
Dodging        | 1 |  1.3
Armour         | 2 |  2.6
Fighting       | |  3.8
Invocations    | |  2.9

Action                   |  1- 3 |  4- 6 || total
-------------------------+-------+-------++-------
Melee: Hand axe          |   102 |   102 ||   204
       Kick              |    20 |    18 ||    38
Invok: Depart the Abyss  |     1 |       ||     1
  Use: Scroll            |     2 |     4 ||     6
       Potion            |     1 |       ||     1
  Eat: Chunk             |     2 |     5 ||     7
Armor: Chain mail        |   134 |    68 ||   202
Dodge: Dodged            |    37 |    27 ||    64

Table legend:
 A = Non-vault XP
 B = Vault XP
 C = Vault XP percentage of total XP
 D = Non-vault monster count
 E = Vault monster count
 F = Vault count percentage of total count
                 A         B        C        D         E       F
            +---------+---------+-------+---------+---------+-------
      Total |     249 |      28 |  10.1 |      64 |       7 |   9.9
            +---------+---------+-------+---------+---------+-------
        D:1 |      53 |       0 |   0.0 |      27 |       0 |   0.0
        D:2 |      64 |      28 |  30.4 |      14 |       7 |  33.3
        D:3 |     125 |       0 |   0.0 |      20 |       0 |   0.0
        D:4 |       7 |       0 |   0.0 |       3 |       0 |   0.0
            +---------+---------+-------+---------+---------+-------
